 Dungeon Crawl Stone Soup version 0.19.5 (webtiles) character file.

17724 BugsBunnySan the Ripper (level 12, -9/45 HPs)
             Began as a Felid Berserker on Mar 19, 2017.
             Was an Elder of Trog.
             Mangled by a skeletal warrior
             ... wielding a +0 long sword
             ... led by a skeletal warrior
              (19 damage)
             ... on level 14 of the Dungeon.
             The game lasted 00:49:57 (49952 turns).

BugsBunnySan the Ripper (Felid Berserker)          Turns: 49952, Time: 00:49:57

Health: -9/45      AC:  5    Str: 11    XL:     12   Next: 21%
Magic:  13/13      EV: 28    Int:  9    God:    Trog [****..]
Gold:   802        SH:  0    Dex: 20    Spells: 0 memorised, 11 levels left
                                        Lives:  0   Deaths: 3

rFire  . . .     SeeInvis +       - Unarmed
rCold  + . .     Gourm    .     (armour unavailable)
rNeg   . . .     Faith    .     (shield unavailable)
rPois  .         Spirit   .     (helmet unavailable)
rElec  .         Reflect  .     (cloak unavailable)
rCorr  .         Harm     .     (gloves unavailable)
MR     ++++.                    (boots unavailable)
Stlth  ++++++....               (no amulet)
                                (no ring)
                                (no ring)

@: exhausted, regenerating, slowed, slow
A: no armour, no weapons or thrown items, stealth, claws 1, fangs 3, horns 1,
yellow scales 1, see invisible, carnivore 3, speed 1, frail 1, magic resistance
1, shaggy fur 3, slow metabolism 1, weak 1, wild magic 2, sharp paws
a: Berserk, Trog's Hand, Brothers in Arms, Burn Spellbooks, Renounce Religion


You were on level 14 of the Dungeon.
You worshipped Trog.
Trog was greatly pleased with you.
You were full.

You visited 2 branches of the dungeon, and saw 15 of its levels.

You collected 802 gold pieces.

Inventory:

Jewellery
 d - an uncursed ring of flight
 i - an uncursed ring of positive energy
 s - an uncursed ring of flight
 D - an uncursed ring of ice
Wands
 f - a wand of flame (15/48)
 l - a wand of digging (8/24)
 v - a wand of slowing (39/48)
 C - a wand of digging (13/24)
 F - a wand of hasting (3/9)
Scrolls
 c - a scroll of recharging
 e - 3 scrolls of fog
 n - 2 scrolls of remove curse
 B - a scroll of holy word
Potions
 b - a potion of brilliance {unknown}
 m - 3 potions of haste
 r - a potion of magic
 t - 2 potions of flight
 u - 2 potions of might
 w - a potion of berserk rage
 I - 4 potions of curing
 L - 2 potions of heal wounds
Books
 p - a book of Necromancy

   Spells                             Type                      Level
   a - Pain                           Necromancy                   1
   b - Animate Skeleton               Necromancy                   1
   c - Vampiric Draining              Necromancy                   3
   d - Regeneration                   Charms/Necromancy            3
   e - Animate Dead                   Necromancy                   4
   f - Control Undead                 Necromancy                   4
   Trog disapproves of the use of such an item.
Miscellaneous
 H - a lamp of fire
Comestibles
 a - 13 meat rations
 g - 2 slices of pizza
 z - 7 beef jerkies
 E - 10 royal jellies


   Skills:
 + Level 5.2 Fighting
 + Level 11.0 Dodging
 + Level 12.1 Stealth
 * Level 18.3 Unarmed Combat


You had 11 spell levels left.
You didn't know any spells.

Dungeon Overview and Level Annotations

Branches:
Dungeon (14/15)            Temple (1/1) D:7            Lair (0/6) D:11
    Orc (0/2) D:11         Vaults (0/5) D:13

Altars:
Ashenzari
Cheibriados
Dithmenos
Elyvilon
Fedhas
Gozag
Hepliaklqana
Kikubaaqudgha
Makhleb
Nemelex Xobeh
Okawaru
Qazlal
Ru
Sif Muna
Trog
Uskayaw
Vehumet
Xom
Yredelemnul
Zin
The Shining One

Shops:
D:8 (   D:11 ([}%


Innate Abilities, Weirdness & Mutations

You cannot wear armour.
You are incapable of wielding weapons or throwing items.
Your paws allow you to move quietly. (Stealth)
You have sharp claws.
You have razor-sharp teeth.
You have supernaturally acute eyesight. (SInv)
You are carnivorous and can eat meat at any time.
You cover ground quickly.
Your thick and shaggy fur keeps you warm. (AC +3, rC+)
You have a slow metabolism.
Your sharp claws are effective at attacking unaware monsters.
You have a pair of small horns on your head.
You are partially covered in yellow scales. (AC +2)
You are frail. (-10% HP)
You are resistant to hostile enchantments. (MR+)
You are weak. (Str -2)
Your spells are harder to cast, but more powerful.


Message History

The human hits you.
* * * LOW HITPOINT WARNING * * *
The human completely misses you.
A wight comes into view. It is wielding a hand axe.
The human completely misses you. 2 wights come into view.
The human closely misses you. The human misses you.
Your skin crawls.
You feel resistant to hostile enchantments.
You feel somewhat less full. The human closely misses you.
The human misses you. The human completely misses you.
As you read the scroll of fog, it crumbles to dust.
The scroll dissolves into smoke.
The human completely misses you. The human misses you.
The human completely misses you. The human hits you.
* * * LOW HITPOINT WARNING * * *
The wight completely misses you. 2 wights come into view.
The skeletal warrior hits you with a long sword!!
You die...

########################
.......@pp.§>.....z.....
z......zz§§§.....<......
..z....§§§§.............
.zz.....§§§.........z...
.#########§.############
#..# #..# #..# #...


You could see a skeletal warrior, 2 humans and 5 wights.

Vanquished Creatures
  Rupert (D:13)
  Josephine (D:10)
  Harold (D:10)
  Erica (D:10)
  A centaur warrior (D:13)
  A death knight (D:10)
  Urug (D:12)
  The ghost of murphvienna the Cleaver, a novice MiBe of Trog (D:8)
  Sonja (D:12)
  An unseen horror (D:12)
  3 hill giants
  2 ugly things (D:12)
  2 oklob plants (D:11)
  An orc knight (D:13)
  A manticore (D:11)
  A cyclops (D:11)
  2 gargoyles
  2 trolls
  A meliai (D:10)
  5 hornets
  Prince Ribbit (D:5)
  10 hippogriffs
  Sigmund (D:5)
  3 wraiths (D:10)
  3 vampires
  19 yaks
  2 wyverns
  11 humans
  4 vampire mosquitoes (D:12)
  Edmund (D:4)
  A soldier ant (D:11)
  Duvessa (D:7)
  10 orc warriors
  Purgy (D:3)
  An eye of draining (D:11)
  2 black bears
  6 ice beasts
  9 ogres
  3 sky beasts
  A phantom (D:7)
  7 centaurs
  A crocodile (D:10)
  6 big kobolds
  25 bullfrogs
  Dowan (D:7)
  3 scorpions
  17 killer bees
  13 wights
  4 howler monkeys
  3 centaur zombies
  6 crimson imps
  A quasit (D:8)
  2 bullfrog zombies
  5 jellies
  5 bullfrog skeletons
  2 centaur skeletons
  9 hounds
  16 orc priests
  6 iguanas
  Terence (D:2)
  16 orc wizards
  9 worker ants
  A hound zombie (D:11)
  3 worker ant zombies
  Robin (D:2)
  15 gnolls
  19 adders
  6 shadow imps
  An ooze (D:3)
  2 adder zombies
  An adder skeleton (D:4)
  3 worms
  2 dart slugs (D:3)
  3 leopard geckos
  78 orcs
  10 bats
  7 giant cockroaches
  11 hobgoblins
  30 jackals
  8 quokkas
  6 ball pythons
  8 frilled lizards
  25 goblins
  31 kobolds
  3 leopard gecko skeletons
  A quokka skeleton (D:5)
  12 rats
  2 plants (D:11)
567 creatures vanquished.

Vanquished Creatures (collateral kills)
  A hydra (D:11)
  A yak (D:11)
  3 kobolds (D:11)
5 creatures vanquished.

Vanquished Creatures (others)
  A killer bee (D:10)
  A howler monkey (D:5)
  3 hounds
  A worker ant (D:5)
  A quokka (D:5)
  34 plants (D:11)
41 creatures vanquished.

Grand Total: 613 creatures vanquished

Notes
Turn   | Place    | Note
-------+----------+-------------------------------------------
     0 | D:1      | BugsBunnySan the Felid Berserker began the quest for the Orb.
     0 | D:1      | Reached XP level 1. HP: 10/10 MP: 2/2
   716 | D:1      | Reached XP level 2. HP: 12/14 MP: 3/3
  1033 | D:1      | Reached XP level 3. HP: 17/17 MP: 4/4
  1599 | D:2      | Reached skill level 1 in Stealth
  1603 | D:2      | Reached ** piety under Trog
  1606 | D:2      | Reached skill level 5 in Dodging
  1608 | D:2      | Reached XP level 4. HP: 5/21 MP: 5/5
  3993 | D:2      | Noticed Robin
  4019 | D:2      | Reached skill level 4 in Unarmed Combat
  4187 | D:2      | Killed Robin
  4848 | D:2      | Reached XP level 5. HP: 24/24 MP: 6/6
  6136 | D:2      | Noticed Terence
  6143 | D:2      | Killed Terence
  9560 | D:3      | Noticed Purgy
  9568 | D:3      | Killed Purgy
  9568 | D:3      | Reached skill level 5 in Unarmed Combat
  9568 | D:3      | Gained mutation: You are covered in thick fur. (AC +2) [Felid growth]
  9568 | D:3      | Reached XP level 6. HP: 28/28 MP: 7/7
  9816 | D:3      | Found a deep blue altar of Sif Muna.
  9897 | D:3      | Found an opulent altar of Gozag.
 12115 | D:3      | Reached skill level 6 in Unarmed Combat
 12323 | D:3      | Found a faded altar of an unknown god.
 12323 | D:3      | Found a faded altar of an unknown god.
 12328 | D:3      | Found a faded altar of an unknown god.
 12330 | D:3      | Found a stormy altar of Qazlal.
 12332 | D:3      | Found a faded altar of an unknown god.
 13104 | D:3      | Found a white marble altar of Elyvilon.
 14437 | D:3      | Reached XP level 7. HP: 23/31 MP: 8/8
 15867 | D:4      | Noticed Edmund
 15903 | D:4      | Killed Edmund
 15903 | D:4      | Reached skill level 7 in Unarmed Combat
 16272 | D:4      | Reached *** piety under Trog
 16338 | D:4      | Reached skill level 5 in Stealth
 16814 | D:4      | Found a hazy altar of Hepliaklqana.
 17330 | D:5      | Entered Level 5 of the Dungeon
 17339 | D:5      | Reached skill level 8 in Unarmed Combat
 17339 | D:5      | Reached XP level 8. HP: 19/36 MP: 9/9
 17791 | D:5      | Found an iron altar of Okawaru.
 18391 | D:5      | Noticed Sigmund
 18401 | D:5      | Killed Sigmund
 18405 | D:5      | Reached skill level 9 in Unarmed Combat
 18791 | D:5      | Reached XP level 9. HP: 26/39 MP: 10/10
 18793 | D:5      | Reached skill level 10 in Unarmed Combat
 19997 | D:5      | Noticed Prince Ribbit
 20000 | D:5      | Killed Prince Ribbit
 20523 | D:5      | Found a radiant altar of Vehumet.
 21551 | D:5      | Found a shattered altar of Ashenzari.
 21604 | D:5      | Reached skill level 11 in Unarmed Combat
 25731 | D:6      | Reached **** piety under Trog
 25731 | D:6      | Reached XP level 10. HP: 43/43 MP: 11/11
 26411 | D:6      | Reached skill level 12 in Unarmed Combat
 26786 | D:7      | Noticed Duvessa
 26789 | D:7      | Noticed Dowan
 26795 | D:7      | Killed Duvessa
 26798 | D:7      | Killed Dowan
 26815 | D:7      | Gained mutation: You have a pair of small horns on your head. [mutagenic meat]
 26816 | D:7      | Gained mutation: Your spells are a little harder to cast, but a little more powerful. [mutagenic meat]
 26923 | D:7      | Found a staircase to the Ecumenical Temple.
 30530 | D:8      | Reached skill level 13 in Unarmed Combat
 30617 | D:8      | Noticed murphvienna's ghost (novice MiBe)
 30631 | D:8      | Killed murphvienna's ghost
 31918 | D:8      | Found Quxiparpho's Antique Weapon Boutique.
 33298 | D:8      | Paralysed by a hornet for 3 turns
 33300 | D:8      | HP: 3/64 [hornet (11)]
 33301 | D:8      | Mangled by a hornet
 33302 | D:8      | Reached XP level 9. HP: -9/58 MP: 10/10
 33311 | D:8      | Reached XP level 10. HP: 43/43 MP: 11/11
 33315 | D:8      | Reached skill level 14 in Unarmed Combat
 35277 | D:9      | Found a shattered altar of Ashenzari.
 36213 | D:9      | Noticed a dagger
 37030 | D:9      | Reached skill level 10 in Stealth
 37031 | D:9      | Noticed a hand axe
 37551 | D:9      | Found a hide-covered altar of Uskayaw.
 37655 | D:10     | Entered Level 10 of the Dungeon
 37655 | D:10     | Noticed Harold
 37662 | D:10     | Killed Harold
 38452 | D:10     | Noticed Josephine
 38468 | D:10     | Killed Josephine
 38468 | D:10     | Reached skill level 15 in Unarmed Combat
 38468 | D:10     | Reached XP level 11. HP: 18/46 MP: 12/12
 42224 | D:10     | Noticed a hill giant
 42232 | D:10     | Killed a hill giant
 42960 | D:10     | Noticed Erica
 42965 | D:10     | Killed Erica
 42965 | D:10     | Reached skill level 16 in Unarmed Combat
 43988 | D:10     | Noticed a death knight
 43998 | D:10     | Killed a death knight
 45417 | Temple   | Entered the Ecumenical Temple
 45570 | Temple   | Gained mutation: Your spells are harder to cast, but more powerful. [potion of mutation]
 45570 | Temple   | Gained mutation: You are partially covered in yellow scales. (AC +2) [potion of mutation]
 46031 | D:11     | Found Kigobb's Food Boutique.
 46102 | D:11     | Found Otaam's Gadget Shoppe.
 46271 | D:11     | Noticed an eight-headed hydra
 46274 | D:11     | Noticed an oklob plant
 46303 | D:11     | Slain by an eight-headed hydra
 46304 | D:11     | Reached XP level 10. HP: 0/64 MP: 11/11
 46304 | D:11     | Noticed a manticore
 46376 | D:11     | Found a staircase to the Lair.
 46386 | D:11     | Killed a manticore
 46386 | D:11     | Reached XP level 11. HP: 41/46 MP: 12/12
 46544 | D:11     | Killed an eight-headed hydra
 46544 | D:11     | Reached skill level 10 in Dodging
 46869 | D:11     | Noticed an oklob plant
 46885 | D:11     | Killed an oklob plant
 46890 | D:11     | HP: 1/46 [acid (12)]
 46892 | D:11     | Killed from afar by an oklob plant
 46893 | D:11     | Reached XP level 10. HP: -2/43 MP: 11/11
 46982 | D:11     | Killed an oklob plant
 47179 | D:11     | Reached skill level 17 in Unarmed Combat
 47206 | D:11     | Found Ugeinteh's Antique Armour Boutique.
 47207 | D:11     | Found Avery's Antique Weapon Shop.
 47423 | D:11     | Noticed a gargoyle
 47599 | D:11     | Killed a gargoyle
 47872 | D:11     | Reached skill level 5 in Fighting
 47971 | D:11     | Noticed a cyclops
 47991 | D:11     | Killed a cyclops
 48092 | D:11     | Found a staircase to the Orcish Mines.
 48225 | D:12     | Reached XP level 11. HP: 47/47 MP: 12/12
 48276 | D:12     | Noticed Urug
 48283 | D:12     | Killed Urug
 48316 | D:12     | Noticed a white ugly thing
 48319 | D:12     | Killed a white ugly thing
 48330 | D:12     | Noticed a hill giant
 48339 | D:12     | Killed a hill giant
 48598 | D:12     | Noticed an unseen horror
 48604 | D:12     | Killed an unseen horror
 48633 | D:12     | Noticed Sonja
 49071 | D:12     | Killed Sonja
 49154 | D:12     | Gained mutation: You are frail. (-10% HP) [mutagenic meat]
 49155 | D:12     | Gained mutation: You are weak. (Str -2) [mutagenic meat]
 49156 | D:12     | Gained mutation: You are resistant to hostile enchantments. (MR+) [mutagenic meat]
 49434 | D:13     | Noticed a centaur warrior
 49435 | D:13     | Noticed Rupert
 49445 | D:12     | Noticed a purple ugly thing
 49511 | D:12     | Killed a purple ugly thing
 49831 | D:13     | Found a gate to the Vaults.
 49831 | D:13     | Noticed an orc knight
 49831 | D:13     | Noticed a hill giant
 49893 | D:13     | Killed an orc knight
 49902 | D:13     | Killed Rupert
 49902 | D:13     | Reached skill level 18 in Unarmed Combat
 49902 | D:13     | Gained mutation: Your thick and shaggy fur keeps you warm. (AC +3, rC+) [Felid growth]
 49902 | D:13     | Reached XP level 12. HP: 45/45 MP: 13/13
 49917 | D:13     | Killed a centaur warrior
 49952 | D:14     | Mangled by a skeletal warrior

Skill      XL: |  1  2  3  4  5  6  7  8  9 10 11 12 |
---------------+-------------------------------------+-----
Stealth        | 1 2 4 5 7 8 11 12 | 12.1
Dodging        | 5 6 7 9 10 11 | 11.0
Unarmed Combat | 4 5 6 8 9 11 17 18 | 18.3
Fighting       | 4 5 |  5.2

Action                   |  1- 3 |  4- 6 |  7- 9 | 10-12 || total
-------------------------+-------+-------+-------+-------++-------
Melee: Unarmed           |    73 |   270 |   292 |   830 ||  1465
       Bite              |     7 |    30 |    35 |    75 ||   147
       Punch             |       |     7 |    11 |    69 ||    87
       Headbutt          |       |       |       |   172 ||   172
Invok: Berserk           |     5 |    12 |     8 |    41 ||    66
       Trog's Hand       |       |     6 |     7 |    27 ||    40
       Burn Spellbooks   |       |       |       |     1 ||     1
       Brothers in Arms  |       |       |       |     2 ||     2
Evoke: Lamp of fire      |       |       |       |     1 ||     1
  Use: Potion            |       |       |     8 |     1 ||     9
       Scroll            |       |       |       |    18 ||    18
 Stab: Sleeping          |     3 |     8 |    16 |    31 ||    58
       Distracted        |       |     3 |     4 |     8 ||    15
  Eat: Chunk             |    12 |    39 |    34 |   109 ||   194
       Pizza             |       |       |       |     1 ||     1
Armor: Skin              |    12 |    13 |    21 |    31 ||    77
Dodge: Dodged            |   119 |   256 |   199 |   759 ||  1333
